 Dungeon Crawl Stone Soup version 0.26-a0-1191-ge2a0e31ab3 (webtiles) character file.

Game seed: 13285993762874991067

7 vortex the Firebug (level 2, 20/20 HPs)
             Began as a Hill Orc Fire Elementalist on Dec 29, 2020.
             Quit the game on level 1 of the Dungeon.
             The game lasted 00:03:54 (208 turns).

vortex the Firebug (Hill Orc Fire Elementalist)      Turns: 208, Time: 00:03:55

Health: 20/20      AC:  2    Str: 10    XL:     2   Next: 4%
Magic:  0/4        EV: 12    Int: 15    God:
Gold:   11         SH:  0    Dex: 11    Spells: 3/4 levels left

rFire    + . .     SeeInvis .   f - +0 dagger
rCold    x . .     Faith    .   (no shield)
rNeg     . . .     Spirit   .   a - +0 robe
rPois    .         Reflect  .   (no helmet)
rElec    .         Harm     .   (no cloak)
rCorr    .         Rampage  .   (no gloves)
Will     .....                  (no boots)
Stlth    ++........             (no amulet)
HPRegen  0.06/turn              d - ring of fire
MPRegen  0.09/turn              (no ring)

@: no status effects
A: no striking features
a: no special abilities


You were on level 1 of the Dungeon.
You visited 1 branch of the dungeon, and saw 1 of its levels.

You collected 11 gold pieces.

Inventory:

Hand Weapons
 f - a +0 dagger (weapon)
Missiles
 c - 19 stones
Armour
 a - a +0 robe (worn)
Jewellery
 d - a ring of fire (left hand)
Scrolls
 b - a scroll of fog {unknown}
 g - a scroll of teleportation {unknown}
Potions
 e - a potion of curing {unknown}
 h - a potion of degeneration {unknown}


   Skills:
 - Level 1.5 Dodging
 + Level 2.3 Stealth
 - Level 1.5 Spellcasting
 - Level 1.0 Conjurations
 - Level 3.2 Fire Magic


You had 3 spell levels left.
You knew the following spells:

 Your Spells              Type           Power        Failure   Level
a - Foxfire               Conj/Fire      44%          10%         1

Your spell library contained the following spells:

 Spells                   Type           Power        Failure   Level
 Conjure Flame            Conj/Fire      11%          28%         3
 Inner Flame              Hex/Fire       9%           34%         3
 Sticky Flame             Conj/Fire      11%          67%         4
 Fireball                 Conj/Fire      5%           95%         5


Dungeon Overview and Level Annotations

Branches:
Dungeon (1/15)

Altars:


Message History

Confirm with . or Enter, or press ? or * to list all spells.
You feel a surge of power!
Casting: Foxfire (safe; 10% risk of failure)
Confirm with . or Enter, or press ? or * to list all spells.
You don't have enough magic to cast that spell.
The foxfire hits the leopard gecko.
The leopard gecko is almost dead.
The foxfire hits the leopard gecko.
You kill the leopard gecko!
You have reached level 2!
A dart slug comes into view.
Casting: Foxfire (safe; 10% risk of failure)
Confirm with . or Enter, or press ? or * to list all spells.
You feel a surge of power!
The foxfire hits the dart slug.
The dart slug is heavily wounded.
Casting: Foxfire (safe; 10% risk of failure)
Confirm with . or Enter, or press ? or * to list all spells.
You don't have enough magic to cast that spell.
Are you sure you want to abandon this character and quit the game? (Confirm with "yes".)

####.........#
###....§..#.
#.......§.#.
#.#######§#..
#.#######§#..
####>.†.........
.............#.#########
#.....#.........$.......
#.....###.####..@....†..
####### .# #.......... #
# #.####.§w.. # #.# ##..
# #######+####'## . #
#.............# #
#.............# #
#.............# #
#.............#


You could see a dart slug.

Vanquished Creatures
  A leopard gecko (D:1)
  A bat (D:1)
  A goblin (D:1)
  3 kobolds (D:1)
6 creatures vanquished.

Vanquished Creatures (others)
  21 foxfires (D:1)
21 creatures vanquished.

Grand Total: 27 creatures vanquished

Notes
Turn   | Place    | Note
-------+----------+-------------------------------------------
     0 | D:1      | vortex the Hill Orc Fire Elementalist began the quest for
                  | the Orb.
     0 | D:1      | Reached XP level 1. HP: 14/14 MP: 3/3
   196 | D:1      | Reached XP level 2. HP: 20/20 MP: 0/4
   208 | D:1      | Quit the game

Illustrated notes

Levels and vault maps discovered:
D:1:      nicolae_arrival_washed_ashore, layout_basic, serial_corexii_hall,
          chequers_hall_statues_y, corexii_hall_statues_x,
          chequers_hall_statues_y, corexii_hall_statues_s,
          wander_ebering_terrifying_dragon_lair

Skill      XL: |  1 |
---------------+----+-----
Stealth        | 2 |  2.3
Dodging        | |  1.5
Spellcasting   | |  1.5
Conjurations   | |  1.0
Fire Magic     | |  3.2

Action                   || total
-------------------------++-------
Melee: Unarmed           ||     8
 Cast: Foxfire           ||    11
Armor: Robe              ||     3
Dodge: Dodged            ||    13

Table legend: (Time is in decaauts)
 A = Elapsed time spent in this place.
 B = Non-inter-level travel time spent in this place.
 C = Inter-level travel time spent in this place.
 D = Time resting spent in this place.
 E = Time spent auto-exploring this place.
 F = Levels seen in this place.
 G = Mean time per level.
                   A        B        C        D        E       F      G
               +--------+--------+--------+--------+--------+-----+--------+
         Total |    207 |    207 |      0 |      0 |    164 |   1 |  207.0 |
       Dungeon |    207 |    207 |      0 |      0 |    164 |   1 |  207.0 |
               +--------+--------+--------+--------+--------+-----+--------+

Top non-repeatable levels by time:
     D:1: 207 daAuts
